 Dungeon Crawl Stone Soup version 0.25-a0-317-g5f8687b (webtiles) character file.

Game seed: 11630972671026318717, levelgen mode: deterministic

171 Eglamore the Ruffian (level 5, 0/53 HPs)
             Began as a Troll Monk on Dec 25, 2019.
             Slain by a worm (6 damage)
             ... on level 3 of the Dungeon.
             The game lasted 00:02:58 (1330 turns).

Eglamore the Ruffian (Troll Monk)                   Turns: 1330, Time: 00:02:58

Health: 0/53       AC:  6    Str: 20    XL:     5   Next: 26%
Magic:  4/4        EV:  9    Int:  8    God:
Gold:   101        SH:  0    Dex: 12    Spells: 4/4 levels left

rFire    . . .     SeeInvis .     - Unarmed
rCold    . . .     Gourm    +   (no shield)
rNeg     . . .     Faith    .   a - +0 robe
rPois    .         Spirit   .   (helmet restricted)
rElec    .         Reflect  .   c - scarf {cloud immunity}
rCorr    .         Harm     .   (gloves unavailable)
MR       .....                  (boots unavailable)
Stlth    +.........             (no amulet)
HPRegen  0.57/turn              j - +2 ring of intelligence
MPRegen  0.09/turn              m - ring of flight

@: heavily drained
A: large, unfitting armour, claws 3, fast metabolism 3, gourmand, regeneration
1, shaggy fur 1, tough skin 3
a: Evoke Flight


You were on level 3 of the Dungeon.
You were very full.

You visited 1 branch of the dungeon, and saw 3 of its levels.

You collected 101 gold pieces.

Inventory:

Hand Weapons
 p - a +0 short sword of distortion
Armour
 a - a +0 robe (worn)
 c - a scarf of cloud immunity (worn)
Jewellery
 j - a +2 ring of intelligence (left claw)
 m - a ring of flight (right claw)
Wands
 k - a wand of flame (14)
Scrolls
 d - a scroll of fog {unknown}
 h - a scroll of immolation {unknown}
 l - a scroll of remove curse {unknown}
Potions
 e - 3 potions of lignification {unknown}
 f - a potion of resistance {unknown}
 g - 2 potions of haste {unknown}
 i - a potion of brilliance {unknown}
 n - a potion of heal wounds {unknown}
 o - a potion of cancellation {unknown}
Comestibles
 b - 3 rations


   Skills:
 + Level 3.2(1.3) Fighting
 + Level 3.0(1.1) Dodging
 + Level 1.2(0.0) Stealth
 + Level 4.7(2.8) Unarmed Combat


You had 4 spell levels left.
You didn't know any spells.
Your spell library was empty.

Dungeon Overview and Level Annotations

Branches:
Dungeon (3/15)

Altars:


Innate Abilities, Weirdness & Mutations

You are too large for most types of armour.
You have claws for hands.
Your metabolism is lightning-fast.
You like to eat raw meat.
Your natural rate of healing is unusually fast.
You are covered in fur. (AC +1)
You have extremely tough skin. (AC +3)


Message History

The orc hits you with a +2 flail of draining.
You feel drained. The worm barely misses you.
The orc hits you with a +2 flail of draining.
You feel drained.
* * * LOW HITPOINT WARNING * * *
You see here a +0 hand axe.
You scratch the worm.
The worm is heavily wounded.
The worm closely misses you.
The orc hits you with a +2 flail of draining.
* * * LOW HITPOINT WARNING * * *
You feel drained.
* * * LOW HITPOINT WARNING * * *
You scratch the orc but do no damage.
The orc hits you with a +2 flail of draining.
* * * LOW HITPOINT WARNING * * *
You feel drained.
* * * LOW HITPOINT WARNING * * *
The worm bites you.
You die...

... ## #.. ..
... .##.. .. #
..#.##... ..##
##........
#.!..##........#
#...o<# ##..w@#
#....#
#...#.))...#
...........###
......####..#
###.## #... #..
#### #.


You could see a worm and an orc.

Vanquished Creatures
  Natasha (thrice) (D:2)
  4 adders (D:2)
  2 oozes
  A dart slug (D:2)
  2 leopard geckos (D:1)
  3 orcs (D:3)
  4 giant cockroaches (D:2)
  5 goblins
  5 hobgoblins
  5 kobolds
  A ball python (D:2)
  A bat (D:1)
  7 frilled lizards (D:1)
  9 rats
52 creatures vanquished.

Notes
Turn   | Place    | Note
-------+----------+-------------------------------------------
     0 | D:1      | Eglamore the Troll Monk began the quest for the Orb.
     0 | D:1      | Reached XP level 1. HP: 22/22 MP: 0/0
   157 | D:1      | Reached XP level 2. HP: 29/29 MP: 1/1
   692 | D:2      | Reached XP level 3. HP: 36/36 MP: 2/2
   794 | D:2      | Noticed Natasha
   822 | D:2      | Killed Natasha
   822 | D:2      | Reached skill level 4 in Unarmed Combat
   822 | D:2      | Reached XP level 4. HP: 19/44 MP: 3/3
   902 | D:2      | Noticed Natasha
   909 | D:2      | Killed Natasha
   920 | D:2      | Noticed Natasha
   926 | D:2      | Killed Natasha
   940 | D:2      | Reached XP level 5. HP: 46/53 MP: 4/4
  1330 | D:3      | Slain by a worm

Levels and vault maps discovered:
D:1:      minmay_arrival_nine_rooms, layout_loops_ring,
          chequers_serial_rivers_room_b, minmay_misc_feat_secret_circle,
          minmay_lizard_king
D:2:      layout_basic, minmay_misc_feat_cross, uniq_natasha
D:3:      layout_rooms

Skill      XL: |  1  2  3  4 |
---------------+-------------+-----
Unarmed Combat | 4 |  4.7
Fighting       | 3 |  3.2
Dodging        | 3 |  3.0
Stealth        | |  1.2

Action                   |  1- 3 |  4- 6 || total
-------------------------+-------+-------++-------
Melee: Unarmed           |    73 |    56 ||   129
       Punch             |     1 |     1 ||     2
 Stab: Sleeping          |       |     1 ||     1
  Eat: Chunk             |    10 |     7 ||    17
Armor: Robe              |    23 |    12 ||    35
Dodge: Dodged            |    27 |    31 ||    58

Table legend:
 A = Non-vault XP
 B = Vault XP
 C = Vault XP percentage of total XP
 D = Non-vault monster count
 E = Vault monster count
 F = Vault count percentage of total count
                 A         B        C        D         E       F
            +---------+---------+-------+---------+---------+-------
      Total |     200 |      45 |  18.4 |      43 |       9 |  17.3
            +---------+---------+-------+---------+---------+-------
        D:1 |      30 |      10 |  25.0 |      15 |       8 |  34.8
        D:2 |     161 |      35 |  17.9 |      25 |       1 |   3.8
        D:3 |       9 |       0 |   0.0 |       3 |       0 |   0.0
            +---------+---------+-------+---------+---------+-------
